 Dungeon Crawl Stone Soup version 0.21-a0-442-g848f44b (webtiles) character file.

13 theanonym the Chiller (level 2, -3/19 HPs)
             Began as a Demonspawn Ice Elementalist on Nov 12, 2017.
             Slain by a goblin
             ... wielding a +0 club
              (6 damage)
             ... on level 1 of the Dungeon.
             The game lasted 00:01:04 (409 turns).

theanonym the Chiller (Demonspawn Ice Elementalist)  Turns: 409, Time: 00:01:05

Health: -3/19      AC:  2    Str:  8    XL:     2   Next: 24%
Magic:  2/5        EV: 12    Int: 16    God:
Gold:   0          SH:  0    Dex: 13    Spells: 4/5 levels left

rFire    . . .     SeeInvis .   e - +0 dagger (speed)
rCold    . . .     Gourm    .   (no shield)
rNeg     . . .     Faith    .   a - +0 robe
rPois    .         Spirit   .   (no helmet)
rElec    .         Reflect  .   (no cloak)
rCorr    .         Harm     .   (no gloves)
MR       .....                  (no boots)
Stlth    ++........             (no amulet)
HPRegen  0.06/turn              (no ring)
MPRegen  0.09/turn              (no ring)

@: very slightly contaminated
A: claws 1
a: no special abilities


Innate Abilities, Weirdness & Mutations

You have sharp fingernails.


   Skills:
 - Level 1.7 Dodging
 - Level 1.7 Stealth
 + Level 2.4 Spellcasting
   Level 1.0 Conjurations
 + Level 3.0 Ice Magic


You had 4 spell levels left.
You knew the following spells:

 Your Spells              Type           Power        Failure   Level  Hunger
a - Freeze                Ice            ##..         5%          1    #......

Skill      XL: |  1 |
---------------+----+-----
Ice Magic      | 3 |  3.0
Dodging        | |  1.7
Stealth        | |  1.7
Spellcasting   | |  2.4
Conjurations   | |  1.0

Action                   || total
-------------------------++-------
Melee: Unarmed           ||    14
       Club              ||     7
       Dagger            ||    20
 Cast: Freeze            ||     8
Armor: Robe              ||    12
Dodge: Dodged            ||    22

Inventory:

Hand Weapons
 d - a +0 club
   (You took it off a hobgoblin on level 1 of the Dungeon)
 e - a +0 dagger of speed (weapon)
   (You took it off a goblin on level 1 of the Dungeon)
Armour
 a - a +0 robe (worn)
Books
 b - a book of Frost

   Spells                             Type                      Level
   a - Freeze                         Ice                          1
   b - Throw Frost                    Conjuration/Ice              2
   c - Ozocubu's Armour               Charms/Ice                   3
   d - Throw Icicle                   Conjuration/Ice              4
   e - Summon Ice Beast               Ice/Summoning                4
Comestibles
 c - a bread ration
 f - a chunk of flesh

Dungeon Overview and Level Annotations

Branches:
Dungeon (1/15)

Altars:


You were on level 1 of the Dungeon.
You were not hungry.

You visited 1 branch of the dungeon, and saw 1 of its levels.


Message History

You freeze the goblin.
You kill the goblin!
* * * LOW MAGIC WARNING * * *
The hobgoblin closely misses you.
You now have 0/3 mp.
You don't have enough magic to cast that spell.
No previous command to re-do.
No previous command to re-do.
You hit the hobgoblin. The hobgoblin completely misses you.
You hit the hobgoblin.
You kill the hobgoblin!
Things that are here:
a club; a hobgoblin corpse A rat comes into view.
You see here a dagger of speed.
e - a dagger of speed Wield which item (- for none, * to show all)? (? for menu, Esc to quit)
Your hands tingle!
e - a +0 dagger of speed (weapon)
The rat twitches its whiskers.
Found a scroll labeled SALA XUOVOE.
You closely miss the rat. You hit the rat. The rat bites you.
You take 1 damage, and have 10/13 hp.
You hit the rat. The rat bites you but does no damage.
You hit the rat.
You kill the rat!
Your Ice Magic skill increases to level 3!
No target in view!
No target in view!
You start resting.
MP restored: 3 You start resting.
Health restored: 13 You butcher the rat corpse.
f - a chunk of flesh
Found a stone staircase leading down.
A goblin comes into view.
A goblin is nearby!
Found a scroll labeled SIUX JELULUNT.
The goblin shouts!
You hear a shout!
A hobgoblin comes into view.
The goblin hits you.
You take 1 damage, and have 12/13 hp.
The hobgoblin shouts!
You hit the goblin.
You kill the goblin!
You have reached level 2!
Your demonic ancestry asserts itself...
Your fingernails lengthen.
You hear an angry hiss.
A goblin comes into view. It is wielding a dagger.
You regained 6 hp, and now have 18/19 hp.
MP restored: 5 The goblin shouts!
You hit the hobgoblin. The hobgoblin closely misses you.
A rat comes into view.
You closely miss the hobgoblin. The hobgoblin hits you.
You take 3 damage, and have 15/19 hp.
Unknown command.
You hit the hobgoblin. You hit the hobgoblin but do no damage.
The hobgoblin completely misses you.
A rat comes into view.
You hit the hobgoblin but do no damage. The hobgoblin closely misses you.
You completely miss the hobgoblin. The hobgoblin hits you.
You take 5 damage, and have 10/19 hp.
MASSIVE DAMAGE!!
A goblin comes into view. It is wielding a club.
You barely miss the hobgoblin. You completely miss the hobgoblin.
The goblin shouts!
The hobgoblin hits you.
* * * LOW HITPOINT WARNING * * *
The goblin hits you with a dagger.
* * * LOW HITPOINT WARNING * * *
You take 5 damage, and have 5/19 hp.
MASSIVE DAMAGE!!
You barely miss the hobgoblin. The hobgoblin completely misses you.
You hit the hobgoblin.
You kill the hobgoblin!
You completely miss the rat. You closely miss the rat. The rat bites you.
* * * LOW HITPOINT WARNING * * *
You take 2 damage, and have 3/19 hp.
You hit the rat. The rat closely misses you.
You closely miss the rat. You hit the rat.
You kill the rat!
Aim: a rat You freeze the rat.
You kill the rat!
You now have 4/5 mp.
Aim: a goblin, wielding a dagger You freeze the goblin.
You kill the goblin!
You now have 3/5 mp.
Aim: a goblin, wielding a club You miscast Freeze.
You are very lightly contaminated with residual magic.
Nothing appears to happen.
The goblin hits you with a club.
You die...

#...........#
...........#
.>........+
#.#.%.....#
#.####.#.......#
#...?..?.......#
#.###.....r.......
#g###########. #@#
#.###.###+######
#..............#
#########.........#
#.................#
#.#######.....!...#
#.# #....)....# #.#
#.........# #.#
####+#......#


You could see a goblin.

Notes
Turn   | Place    | Note
-------+----------+-------------------------------------------
     0 | D:1      | theanonym the Demonspawn Ice Elementalist began the quest for the Orb.
     0 | D:1      | Reached XP level 1. HP: 13/13 MP: 3/3
   303 | D:1      | Reached skill level 3 in Ice Magic
   383 | D:1      | Gained mutation: You have sharp fingernails. [demonic ancestry]
   383 | D:1      | Reached XP level 2. HP: 18/19 MP: 5/5
   395 | D:1      | HP: 6/19 [hobgoblin (4)]
   403 | D:1      | HP: 3/19 [rat (3)]
   409 | D:1      | Slain by a goblin

Vanquished Creatures
  A giant cockroach (D:1)
  3 goblins (D:1)
  4 hobgoblins (D:1)
  3 rats (D:1)
11 creatures vanquished.
